 Dungeon Crawl Stone Soup version 0.17.2-1-ge4368a0 (webtiles) character file.

1022 rlgrobin the Cruncher (level 8, 0/38 HPs)
             Began as a Vine Stalker Gladiator on Apr 20, 2017.
             Shot with an arrow of flame by a centaur (4 damage)
             ... on level 7 of the Dungeon.
             The game lasted 00:06:16 (4352 turns).

rlgrobin the Cruncher (Vine Stalker Gladiator)      Turns: 4352, Time: 00:06:17

Health: 0/38       AC:  6    Str: 19    XL:     8   Next: 22%
Magic:  0/9        EV: 12    Int:  8    God:
Gold:   246        SH:  0    Dex: 16    Spells: 0 memorised, 7 levels left

rFire  . . .     SeeInvis .     (no weapon)
rCold  + . .     Clarity  .     b - +0 leather armour
rNeg   . . .     SustAt   .     (no shield)
rPois  .         Gourm    .     u - +1 helmet
rElec  .         Spirit   +     (no cloak)
rCorr  .         Warding  .     (no gloves)
rMut   .         Stasis   .     p - +0 pair of boots
MR     +....                    (no amulet)
Stlth  ++........               t - ring of protection from cold
                                n - ring of stealth

@: somewhat resistant to hostile enchantments, unstealthy
A: fangs 3, regeneration 2, magic shield, antimagic bite, no device heal 3, rot
immunity
a: no special abilities


You were on level 7 of the Dungeon.
You were very full.

You visited 1 branch of the dungeon, and saw 7 of its levels.

You collected 246 gold pieces.


Innate Abilities, Weirdness & Mutations

You have razor-sharp teeth.
You heal very quickly.
When hurt, damage is shared between your health and your magic reserves.
Your bite disrupts and absorbs the magic of your enemies.
Potions and wands cannot restore your health.
You are immune to rotting.


   Skills:
 - Level 1.7 Fighting
 + Level 9.0 Staves
 - Level 1.7 Throwing
 - Level 2.4 Dodging


You had 7 spell levels left.
You didn't know any spells.

Inventory:

Hand Weapons
 a - a +0 quarterstaff
Missiles
 d - 3 throwing nets {=f}
Armour
 b - a +0 leather armour (worn)
 c - a +1 leather armour of cold resistance
 p - a +0 pair of boots (worn)
 u - a +1 helmet (worn)
Jewellery
 f - an uncursed ring of ice
 g - an uncursed amulet of stasis
 n - a ring of stealth (left hand)
 t - a ring of protection from cold (right hand)
Scrolls
 i - 2 scrolls of enchant weapon {unknown}
 j - 2 scrolls of noise {unknown}
 k - a scroll of amnesia {unknown}
 l - 3 scrolls of teleportation {unknown}
 m - 4 scrolls of remove curse {unknown}
 o - 5 scrolls of recharging {unknown}
 s - 4 scrolls of identify {unknown}
Comestibles
 e - a bread ration
 q - 2 meat rations

Dungeon Overview and Level Annotations

Branches:
Dungeon (7/15)             Temple (0/1) D:6

Altars:
Dithmenos

Annotations:
D:5 rlgrobin's ghost, novice VSGl
D:6 rlgrobin's ghost, novice VSGl
D:7 Pikel

░,░ ▒.▒ ▒.▒ ▒▒.▒▒ ░,░
▒.▒▒▒▒▒▒▒c▒ ▒p▒
░,▒▒▒.▒.......▒▒▒▒▒ ▒.▒
░,▒.....▒.........▒ ▒.▒
░,▒.....▒.........▒▒▒▒▒▒▒▒▒▒.▒
░,▒.....▒.........▒▒....p..K.▒
░.▒.....▒......#.#▒▒.▒▒▒▒▒▒▒▒▒
▒............#####▒▒.▒
▒▒▒▒▒▒▒▒▒<....#f#..p.▒
▒(....###.▒▒▒▒ ▒.....#..#▒
▒.........▒ ▒▒▒▒▒▒▒▒▒▒▒


You could see a slave and a centaur.


Message History

Oops!!!
There was something there already!!!
You blink!
As you read the scroll labeled VIACUYRISH, it crumbles to dust!
It was a scroll of blinking!
You hear a blaring wail to the north!
Something shouts, "Slither home, thou unmuzzled fool-headed urchin!!!"
You hear a distant blaring wail to the west!
You hear a distant slurping noise!
You hear a distant slurping noise!
You hear a distant slurping noise!
You hear a squelching noise!
You hear a distant slurping noise!
A centaur comes into view!
The centaur shouts!!!
The centaur wields a shortbow!
The centaur shoots an arrow of flame!
The arrow of flame closely misses you!
You see here an arrow of flame!
The centaur shoots an arrow of flame!
The arrow of flame hits you! * * * don't die
* * * The arrow of flame burns you! * * * don't die
* * * The centaur shoots an arrow of flame!
The arrow of flame hits you!!! * * * don't die
* * * The arrow of flame burns you!
You see here an arrow of flame!
You take 16 damage, and have 3/38 hp!
MASSIVE DAMAGE!!!!!!
You now have 0/9 mp!
Read which item? (? for menu, Esc to quit)
As you read the scroll labeled ACSI EWKUFEO, it crumbles to dust!
The scroll dissolves into smoke!
It was a scroll of fog!
The centaur shoots an arrow of flame!
The arrow of flame hits you! rip

Action                   |  1- 3 |  4- 6 |  7- 9 || total
-------------------------+-------+-------+-------++-------
Melee: Quarterstaff      |    99 |   150 |   100 ||   349
  Use: Scroll            |       |       |     4 ||     4
 Stab: Sleeping          |     1 |     4 |     1 ||     6
  Eat: Meat ration       |     1 |       |       ||     1
       Bread ration      |       |     1 |     2 ||     3

Vault maps used:
D:1:      minmay_arrival_doors, serial_glass, glass_columns_b, glass_columns_c,
          hex_medium
D:2:      minmay_statues_item
D:3:      serial_forest, infiniplex_forest_clump_medium,
          infiniplex_forest_end_1, infiniplex_forest_diagonal,
          infiniplex_forest_end_1, infiniplex_forest_diagonal,
          infiniplex_forest_clump_double, infiniplex_forest_clump_tiny,
          infiniplex_forest_3_way
D:4:      nicolae_dithmenos_shadow_blocks, first_bread
D:5:      lemuel_flamethrower_1
D:6:      minmay_temple_entry_glassed_door, uniq_sigmund
D:7:      wad_river_or_something, uniq_pikel

Notes
Turn   | Place    | Note
--------------------------------------------------------------
     0 | D:1      | rlgrobin the Vine Stalker Gladiator began the quest for the Orb.
     0 | D:1      | Reached XP level 1. HP: 11/11 MP: 2/2
   103 | D:1      | Reached skill level 3 in Staves
   171 | D:1      | Reached XP level 2. HP: 15/15 MP: 3/3
   479 | D:1      | Reached XP level 3. HP: 18/18 MP: 4/4
   938 | D:2      | Reached skill level 4 in Staves
  1128 | D:2      | Reached XP level 4. HP: 23/23 MP: 5/5
  2067 | D:3      | Reached skill level 5 in Staves
  2234 | D:3      | Reached XP level 5. HP: 26/26 MP: 6/6
  2758 | D:4      | Found a shadowy altar of Dithmenos.
  2864 | D:4      | Reached skill level 6 in Staves
  2864 | D:4      | Gained mutation: You heal very quickly. [Vine Stalker growth]
  2864 | D:4      | Reached XP level 6. HP: 23/30 MP: 5/7
  3089 | D:5      | Entered Level 5 of the Dungeon
  3280 | D:5      | Noticed rlgrobin's ghost (novice VSGl)
  3320 | D:6      | Noticed rlgrobin's ghost (novice VSGl)
  3342 | D:6      | Reached skill level 7 in Staves
  3342 | D:6      | Reached XP level 7. HP: 31/34 MP: 8/8
  3490 | D:7      | Noticed Pikel
  3940 | D:5      | Reached skill level 8 in Staves
  4143 | D:6      | Noticed Sigmund
  4149 | D:6      | Killed Sigmund
  4149 | D:6      | Gained mutation: You have razor-sharp teeth. [Vine Stalker growth]
  4149 | D:6      | Reached XP level 8. HP: 20/38 MP: 4/9
  4228 | D:6      | Found a staircase to the Ecumenical Temple.
  4268 | D:6      | Reached skill level 9 in Staves
  4351 | D:7      | HP: 3/38 [centaur/arrow of flame (11)]
  4352 | D:7      | Shot with an arrow of flame by a centaur

Vanquished Creatures
  Sigmund (D:6)
  A phantom (D:7)
  A slave (D:7)
  2 centaurs (D:5)
  2 crimson imps
  3 giant frog skeletons
  An orc priest (D:5)
  2 hounds
  4 orc wizards
  An iguana (D:4)
  4 worker ants
  A worker ant zombie (D:5)
  3 adders
  A shadow imp (D:5)
  An adder skeleton (D:5)
  2 worms (D:2)
  4 giant geckos
  13 orcs
  4 bats
  9 giant cockroaches
  4 goblins
  11 hobgoblins
  7 jackals
  7 kobolds
  A quokka (D:5)
  A ball python (D:3)
  6 giant newts
  A jackal skeleton (D:5)
  5 rats
103 creatures vanquished.

Vanquished Creatures (others)
  A plant (D:3)
1 creature vanquished.

Grand Total: 104 creatures vanquished
